 Dungeon Crawl Stone Soup version 0.31-a0-217-g58bb5d79cf (webtiles) character file.

Game seed: 8172831953266600634

2117 qw the Cleaver (level 9, 0/57 HPs)
             Began as a Gargoyle Fighter on July 2, 2023.
             Was a Follower of Okawaru.
             Slain by a vampire (2 damage)
             ... on level 7 of the Dungeon.
             The game lasted 00:03:03 (5514 turns).

qw the Cleaver (Gargoyle Fighter)                   Turns: 5514, Time: 00:03:03

Health: 0/57       AC: 19    Str: 24    XL:     9   Next: 29%
Magic:  10/10      EV: 10    Int:  9    God:    Okawaru [*.....]
Gold:   296        SH:  4    Dex:  9    Spells: 8/8 levels left

rFire   . . .        Y - +1 war axe (venom)
rCold   . . .        c - +0 buckler
rNeg    + . .        b - +0 scale mail
rPois   inf          m - +0 helmet
rElec   +            o - +0 cloak
rCorr   .            (no gloves)
SInv    .            r - +2 pair of boots
Will    .....        (no amulet) Stlth
                     (no ring)
HPRegen 0.29/turn    (no ring)
MPRegen 0.12/turn

%: no passive effects
@: no status effects
A: sickness immunity, AC +6, negative energy resistance 1, electricity
resistance, torment resistance 1, petrification resistance
a: Renounce Religion, Heroism


You were on level 7 of the Dungeon.
You worshipped Okawaru.
Okawaru was aware of your devotion.
You visited 2 branches of the dungeon, and saw 8 of its levels.

You collected 296 gold pieces.


Innate Abilities, Weirdness & Mutations

You are immune to sickness and miasma.
Your stone body is resilient. (AC +6)
You are immune to poison.
You resist negative energy. (rN+)
You are resistant to electric shocks. (rElec)
You are resistant to unholy torment.
You are immune to petrification.


   Skills:
 - Level 7.0 Fighting
 + Level 9.1 Axes
 - Level 4.0 Armour
 - Level 1.2 Dodging
 - Level 4.1 Shields
 + Level 2.0 Invocations


You had 8 spell levels left.
You didn't know any spells.
Your spell library was empty.

Inventory:

Hand Weapons
 n - a +0 morningstar
 Y - a +1 war axe of venom (weapon)
Armour
 b - a +0 scale mail (worn)
 c - a +0 buckler (worn)
 m - a +0 helmet (worn)
 o - a +0 cloak (worn)
 q - the +0 ring mail "Osecoipa" {rPois rCorr}
   (You found it on level 5 of the Dungeon)

   rPois:     It protects you from poison.
   rCorr:     It protects you from acid and corrosion.
 r - a +2 pair of boots (worn)
Scrolls
 e - a scroll of acquirement {unknown}
 g - a scroll of identify
 l - a scroll of teleportation
Potions
 a - a potion of resistance
 d - 2 potions of might
 f - 4 potions of curing
 h - a potion of mutation
 i - a potion of enlightenment
 j - a potion of cancellation
 k - a potion of haste {unknown}

Dungeon Overview and Level Annotations

Branches:
Dungeon (7/15)             Temple (1/1) D:5

Altars:
Ashenzari
Cheibriados
Dithmenos
Elyvilon
Fedhas
Hepliaklqana
Kikubaaqudgha
Makhleb
Nemelex Xobeh
Okawaru
Ru
Sif Muna
Trog
Uskayaw
Wu Jian
Xom
Yredelemnul
Zin
The Shining One

Annotations:
D:4 3 runed translucent doors, qw's ghost, amateur GrHs


Message History

The vampire flickers and vanishes!
Deactivating autopickup; reactivate with Ctrl-A.
5496 ||| STILL FLEEEEING.
Something hits you but does no damage. Something bites you but does no damage.
You hear some strange, mumbled words.
You are confused.
Something hits you but does no damage. Something bites you but does no damage.
You bump into the rock wall.
Something hits you. Something bites you but does no damage.
You miss something. Something hits you but does no damage.
Something bites you but does no damage.
You closely miss something. Something hits you but does no damage.
Something bites you!
You bump into the rock wall.
You feel less confused. Something hits you.
Something bites you but does no damage.
You closely miss something. Something hits you. Something bites you.
You hit something. Something hits you. Something bites you but does no damage.
You hit something but do no damage. Something hits you but does no damage.
Something completely misses you.
You closely miss something. Something hits you but does no damage.
You block something's attack.
You hit something but do no damage. Something hits you.
Something bites you but does no damage.
You barely miss something. Something hits you.
Something bites you but does no damage.
You miss something. You block something's attack. Something bites you!
Something hits you but does no damage. Something bites you.
You hit something. Something hits you but does no damage. Something bites you.
You barely miss something. Something hits you but does no damage.
Something bites you.
You miss something. Something hits you. Something bites you but does no damage.
You slash something! Something hits you.
You die...

#...####.##..#
#..###.##.# .
#.####...#.####
#..##.#.).....#
#.#..V)###..#.#
#######.##.##.........
......................#
#######.###############
#.....{@##..<...##
#.##.##.##.......# #
#.##.......#..#
#....##..#.# .#
.....##.##.........
#.......###.####.###
####.#### #.# # #.# #.>
#.# ####


There were no monsters in sight!

Vanquished Creatures
  An orc warrior (D:7)
  Duvessa (D:5)
  3 ice beasts
  2 ogres
  2 phantoms
  A kobold brigand (D:7)
  A bullfrog (D:7)
  3 scorpions
  Dowan (D:5)
  3 killer bees (D:7)
  A howler monkey (D:7)
  5 hounds
  4 orc priests
  5 iguanas
  Ijyb (D:3)
  3 orc wizards
  Natasha (thrice) (D:4)
  Robin (D:3)
  8 adders
  A river rat (D:4)
  An ufetubus (D:6)
  3 worms
  2 dart slugs
  17 orcs
  10 endoplasms
  4 giant cockroaches
  18 goblins
  8 hobgoblins
  2 jackals (D:1)
  11 kobolds
  2 quokkas
  5 ball pythons
  7 bats (D:1)
  6 frilled lizards
  9 rats
155 creatures vanquished.

Notes
Turn   | Place    | Note
-------+----------+-------------------------------------------
     0 | D:1      | qw the Gargoyle Fighter began the quest for the Orb.
     0 | D:1      | Reached XP level 1. HP: 14/14 MP: 1/1
     0 | D:1      | 0 ||| qw: Version: 0.3-a-40-ge99b1a8
     0 | D:1      | 0 ||| qw: Game counter: 274
     0 | D:1      | 0 ||| qw: Melee chars always use a shield: true
     0 | D:1      | 0 ||| qw: God list: Okawaru
     0 | D:1      | 0 ||| qw: Allow faded altars: false
     0 | D:1      | 0 ||| qw: Do Orc after clearing Dungeon:15 true
     0 | D:1      | 0 ||| qw: Do second Lair branch before Depths: true
     0 | D:1      | 0 ||| qw: Lair rune preference: random
     0 | D:1      | 0 ||| qw: Goals: Normal, Zot:1-4, Slime:5, God:TSO, Crypt,
                  | Tomb, Abyss, Pan, Hells, Win
     0 | D:1      | 0 ||| PLANNING D:1-11
    28 | D:1      | 28 ||| Stepping ~*~*~tactically~*~*~ (stealth).
    32 | D:1      | Reached skill level 2 in Axes
    39 | D:1      | 39 ||| Stepping ~*~*~tactically~*~*~ (stealth).
    76 | D:1      | Reached XP level 2. HP: 19/19 MP: 2/2
    87 | D:1      | 87 ||| DROPPING +0 club.
   245 | D:1      | 245 ||| Stepping ~*~*~tactically~*~*~ (stealth).
   249 | D:1      | Reached skill level 3 in Axes
   257 | D:1      | Reached XP level 3. HP: 13/23 MP: 3/3
   267 | D:1      | 267 ||| Stepping ~*~*~tactically~*~*~ (stealth).
   295 | D:1      | 295 ||| Stepping ~*~*~tactically~*~*~ (stealth).
   302 | D:1      | 302 ||| Stepping ~*~*~tactically~*~*~ (stealth).
   303 | D:1      | 303 ||| Stepping ~*~*~tactically~*~*~ (stealth).
   305 | D:1      | 305 ||| Stepping ~*~*~tactically~*~*~ (stealth).
   306 | D:1      | 306 ||| Stepping ~*~*~tactically~*~*~ (stealth).
   307 | D:1      | 307 ||| Stepping ~*~*~tactically~*~*~ (stealth).
   308 | D:1      | 308 ||| Stepping ~*~*~tactically~*~*~ (stealth).
   318 | D:1      | 318 ||| FLEEEEING.
   319 | D:1      | 319 ||| FLEEEEING.
   320 | D:1      | 320 ||| FLEEEEING.
   321 | D:1      | 321 ||| FLEEEEING.
   322 | D:1      | 322 ||| FLEEEEING.
   323 | D:1      | 323 ||| FLEEEEING.
   324 | D:1      | 324 ||| FLEEEEING.
   325 | D:1      | 325 ||| FLEEEEING.
   326 | D:1      | 326 ||| FLEEEEING.
   327 | D:1      | 327 ||| FLEEEEING.
   328 | D:1      | 328 ||| FLEEEEING.
   329 | D:1      | 329 ||| FLEEEEING.
   408 | D:1      | 408 ||| DROPPING +0 whip.
   518 | D:1      | 518 ||| Stepping ~*~*~tactically~*~*~ (stealth).
   519 | D:1      | 519 ||| Stepping ~*~*~tactically~*~*~ (stealth).
   531 | D:1      | 531 ||| Stepping ~*~*~tactically~*~*~ (stealth).
   541 | D:1      | 541 ||| Stepping ~*~*~tactically~*~*~ (stealth).
   542 | D:1      | 542 ||| Stepping ~*~*~tactically~*~*~ (stealth).
   543 | D:1      | 543 ||| Stepping ~*~*~tactically~*~*~ (stealth).
   546 | D:1      | 546 ||| Stepping ~*~*~tactically~*~*~ (stealth).
   547 | D:1      | 547 ||| Stepping ~*~*~tactically~*~*~ (stealth).
   548 | D:1      | 548 ||| Stepping ~*~*~tactically~*~*~ (stealth).
   549 | D:1      | 549 ||| Stepping ~*~*~tactically~*~*~ (stealth).
   683 | D:1      | 683 ||| DROPPING +0 mace.
   859 | D:1      | 859 ||| UPGRADING to +0 pair of boots.
   864 | D:1      | 864 ||| READING 2 scrolls labelled KOLU TAAROC.
   865 | D:1      | 865 ||| READING 3 scrolls labelled ETTYEZ WUMUD.
   866 | D:1      | 866 ||| READING scroll labelled ZIASHA DIGONEE.
   867 | D:1      | 867 ||| READING 2 scrolls labelled BIMAGI XAP.
   870 | D:1      | 870 ||| READING 2 scrolls of identify.
   870 | D:1      | 870 ||| IDENTIFYING bubbling cyan potion
   871 | D:1      | 871 ||| DROPPING scroll of immolation.
   872 | D:1      | 872 ||| DROPPING potion of ambrosia.
   941 | D:2      | You fall into a shaft and drop 2 floors!
   945 | D:4      | 945 ||| PLANNING SEWER
  1012 | D:4      | Reached XP level 4. HP: 25/28 MP: 4/4
  1029 | D:4      | 1029 ||| Stepping ~*~*~tactically~*~*~ (stealth).
  1105 | D:4      | 1105 ||| Stepping ~*~*~tactically~*~*~ (stealth).
  1106 | D:4      | 1106 ||| Stepping ~*~*~tactically~*~*~ (stealth).
  1122 | D:4      | Reached skill level 4 in Axes
  1131 | D:4      | Found a shimmering blue altar of Sif Muna.
  1166 | D:4      | Reached XP level 5. HP: 25/32 MP: 5/5
  1220 | D:4      | 1220 ||| Stepping ~*~*~tactically~*~*~ (stealth).
  1229 | D:4      | 1229 ||| Stepping ~*~*~tactically~*~*~ (hiding).
  1232 | D:4      | 1232 ||| Stepping ~*~*~tactically~*~*~ (hiding).
  1233 | D:4      | 1233 ||| Stepping ~*~*~tactically~*~*~ (hiding).
  1258 | D:4      | 1258 ||| Stepping ~*~*~tactically~*~*~ (stealth).
  1265 | D:4      | Reached skill level 5 in Axes
  1265 | D:4      | 1265 ||| Stepping ~*~*~tactically~*~*~ (hiding).
  1332 | D:4      | Noticed a phantom
  1349 | D:4      | Killed a phantom
  1350 | D:4      | Reached XP level 6. HP: 28/39 MP: 6/6
  1395 | D:4      | Noticed an ice beast
  1401 | D:4      | HP: 7/39 [ice beast (9)]
  1402 | D:4      | 1402 ||| READING 2 scrolls of teleportation.
  1550 | D:4      | Noticed Natasha
  1557 | D:4      | Killed Natasha
  1571 | D:4      | Noticed Natasha
  1577 | D:4      | Killed Natasha
  1578 | D:4      | Reached skill level 1 in Dodging
  1608 | D:4      | Found a runed translucent gate.
  1609 | D:4      | Found a runed translucent gate.
  1611 | D:4      | Noticed qw's ghost (amateur GrHs)
  1624 | D:4      | Found a runed translucent gate.
  1646 | D:4      | Found a shimmering altar of Xom.
  1660 | D:4      | 1660 ||| RIP SEWER
  1662 | D:4      | 1662 ||| PLANNING D:1-11
  1662 | D:4      | 1662 ||| FLEEEEING.
  1671 | D:4      | 1671 ||| READING scroll labelled SUORUOGEUJ.
  1672 | D:4      | 1672 ||| READING scroll labelled KEWEES QUNUUTEPH.
  1673 | D:4      | 1673 ||| DRINKING 3 puce potions.
  1711 | D:3      | 1711 ||| READING scroll labelled TIUNAS WAN TENK.
  1722 | D:3      | 1722 ||| STAIRDANCE
  1818 | D:2      | 1818 ||| Stepping ~*~*~tactically~*~*~ (stealth).
  1840 | D:2      | Identified the +1 spear of the Distant Future {antimagic,
                  | +Blink Int+3}
  2309 | D:2      | 2309 ||| READING scroll labelled LEQ CYOT FYLL.
  2356 | D:3      | Noticed Robin
  2365 | D:3      | Reached XP level 7. HP: 42/44 MP: 7/7
  2370 | D:3      | Killed Robin
  2402 | D:3      | 2402 ||| DROPPING +0 flail.
  2558 | D:3      | Found a faded altar of an unknown god.
  2611 | D:3      | Noticed Ijyb
  2620 | D:3      | HP: 4/44 [disintegration (18)]
  2621 | D:3      | 2621 ||| READING scroll of teleportation.
  2643 | D:3      | Killed Ijyb
  2644 | D:3      | Reached skill level 6 in Axes
  2981 | D:3      | 2981 ||| UPGRADING to +0 helmet.
  2986 | D:3      | 2986 ||| READING scroll labelled GOURPHI YDUHUS.
  2987 | D:3      | 2987 ||| DRINKING 2 smoky emerald potions.
  2988 | D:3      | 2988 ||| DROPPING potion of degeneration.
  3150 | D:4      | Noticed Natasha
  3157 | D:4      | Killed Natasha
  3226 | D:4      | Reached skill level 7 in Axes
  3419 | D:4      | 3419 ||| READING 2 scrolls of identify.
  3419 | D:4      | 3419 ||| IDENTIFYING sapphire potion
  3447 | D:5      | Entered Level 5 of the Dungeon
  3509 | D:5      | Found a staircase to the Ecumenical Temple.
  3510 | D:5      | 3510 ||| PLANNING TEMPLE
  3518 | D:5      | 3518 ||| Stepping ~*~*~tactically~*~*~ (stealth).
  3526 | D:5      | HP: 7/44 [ice beast (14)]
  3528 | D:5      | Reached XP level 8. HP: 7/49 MP: 8/8
  3682 | Temple   | Entered the Ecumenical Temple
  3698 | Temple   | 3698 ||| PLANNING OKAWARU WORSHIP
  3711 | Temple   | Became a worshipper of Warmaster Okawaru
  3712 | Temple   | 3712 ||| PLANNING D:1-11
  3780 | D:5      | Noticed Dowan
  3781 | D:5      | Noticed Duvessa
  3789 | D:5      | Killed Dowan
  3794 | D:5      | Killed Duvessa
  3795 | D:5      | Reached skill level 8 in Axes
  3891 | D:5      | Found a sparkling altar of Nemelex Xobeh.
  4013 | D:5      | Identified the +0 ring mail "Osecoipa" {rPois rCorr}
  4145 | D:5      | Reached skill level 6 in Fighting
  4303 | D:5      | Found a burning altar of Makhleb.
  4303 | D:5      | Found a bloodstained altar of Trog.
  4447 | D:5      | 4447 ||| UPGRADING to +0 cloak.
  4452 | D:5      | 4452 ||| UPGRADING to +2 pair of boots.
  4462 | D:5      | 4462 ||| DROPPING +0 pair of boots.
  4463 | D:5      | 4463 ||| READING scroll labelled ATWAOSIANU.
  4464 | D:5      | 4464 ||| DRINKING 2 viscous grey potions.
  4465 | D:5      | 4465 ||| READING 3 scrolls of identify.
  4465 | D:5      | 4465 ||| IDENTIFYING golden potion
  4466 | D:5      | 4466 ||| READING 2 scrolls of identify.
  4466 | D:5      | 4466 ||| IDENTIFYING lumpy sapphire potion
  4517 | D:6      | Reached * piety under Okawaru
  4519 | D:6      | 4519 ||| Stepping ~*~*~tactically~*~*~ (stealth).
  4583 | D:6      | Reached skill level 1 in Invocations
  4590 | D:6      | 4590 ||| INVOKING Heroism.
  4738 | D:6      | Found a broken altar of Ashenzari.
  5221 | D:6      | 5221 ||| Stepping ~*~*~tactically~*~*~ (hiding).
  5231 | D:6      | 5231 ||| DRINKING 4 potions of curing.
  5231 | D:6      | 5231 ||| (to cure confusion)
  5271 | D:6      | 5271 ||| DROPPING orb of energy.
  5272 | D:6      | 5272 ||| DROPPING ring of wizardry.
  5273 | D:6      | 5273 ||| READING scroll labelled XALUCICUXU.
  5365 | D:7      | 5365 ||| Stepping ~*~*~tactically~*~*~ (stealth).
  5383 | D:7      | Reached skill level 9 in Axes
  5383 | D:7      | Reached XP level 9. HP: 49/56 MP: 9/9
  5435 | D:7      | 5435 ||| Stepping ~*~*~tactically~*~*~ (stealth).
  5449 | D:7      | 5449 ||| Stepping ~*~*~tactically~*~*~ (hiding).
  5452 | D:7      | 5452 ||| INVOKING Heroism.
  5477 | D:7      | 5477 ||| FLEEEEING.
  5478 | D:7      | 5478 ||| FLEEEEING.
  5479 | D:7      | 5479 ||| FLEEEEING.
  5480 | D:7      | 5480 ||| FLEEEEING.
  5481 | D:7      | 5481 ||| FLEEEEING.
  5485 | D:7      | 5485 ||| FLEEEEING.
  5486 | D:7      | 5486 ||| FLEEEEING.
  5487 | D:7      | 5487 ||| FLEEEEING.
  5488 | D:7      | 5488 ||| FLEEEEING.
  5489 | D:7      | 5489 ||| FLEEEEING.
  5510 | D:7      | HP: 13/57 [something (8)]
  5513 | D:7      | HP: 2/57 [something (6)]
  5514 | D:7      | Slain by a vampire

Levels and vault maps discovered:
D:1:      nicolae_arrival_memento_mori, layout_basic, minmay_pentomino_p4
D:2:      layout_loops_cross
D:3:      layout_rooms, shapermc_ecumenical_altar_flowoftime, uniq_ijyb,
          uniq_robin
D:4:      layout_gridville, mainiacjoe_overflow_catwalk_spiral,
          portal_sewer_entry_b, gammafunk_ghost_nasty_kobolds,
          minmay_misc_feat_cross, uniq_natasha
D:5:      layout_loops_cross, kennysheep_little_box,
          amethyst_overflow_temple_binary, minmay_temple_entry_mini_moons,
          dk_noncrumbling_4, minmay_misc_feat_diagonals, uniq_duvessa
D:6:      layout_basic, ashenzari_conservatory_becter
D:7:      layout_loops_cross, minmay_shattered_shrine, uniq_joseph
Temple:   nicolae_temple_ecumenical_triangle

Skill      XL: |  1  2  3  4  5  6  7  8  9 |
---------------+----------------------------+-----
Axes           | 2 3 4 5 7 9 |  9.1
Fighting       | 4 5 6 7 |  7.0
Dodging        | 1 |  1.2
Invocations    | 1 2 |  2.0
Shields        | 4 |  4.1
Armour         | 4 |  4.0

Action                     |  1- 3 |  4- 6 |  7- 9 || total
---------------------------+-------+-------+-------++-------
  Melee: War axe           |   122 |   117 |   222 ||   461
 Invoke: Heroism           |       |       |     2 ||     2
    Use: Scroll            |     5 |     5 |     7 ||    17
         Potion            |       |     1 |     3 ||     4
   Stab: Distracted        |       |       |     1 ||     1
 Armour: Scale mail        |    73 |    59 |   117 ||   249
  Dodge: Dodged            |    68 |    43 |    79 ||   190
  Block: Buckler           |    20 |    17 |    27 ||    64

Table legend:
 A = Non-vault XP
 B = Vault XP
 C = Vault XP percentage of total XP
 D = Non-vault monster count
 E = Vault monster count
 F = Vault count percentage of total count
                 A         B        C        D         E       F
            +---------+---------+-------+---------+---------+-------
      Total |    2270 |     755 |  25.0 |     122 |      33 |  21.3
            +---------+---------+-------+---------+---------+-------
        D:1 |      45 |      13 |  22.4 |      26 |       7 |  21.2
        D:2 |     151 |       0 |   0.0 |      12 |       0 |   0.0
        D:3 |      35 |      72 |  67.3 |      16 |      13 |  44.8
        D:4 |     701 |      55 |   7.3 |      33 |       5 |  13.2
        D:5 |     561 |     204 |  26.7 |       8 |       2 |  20.0
        D:6 |     398 |       0 |   0.0 |      16 |       0 |   0.0
        D:7 |     379 |     411 |  52.0 |      11 |       6 |  35.3
            +---------+---------+-------+---------+---------+-------
